 Dungeon Crawl Stone Soup version 0.28-a0-1159-g27aa881441 (webtiles) character file.

Game seed: 5767564424141055433

595 lonewolfV2 the Ruffian (level 7, -3/67 HPs)
             Began as a Troll Fighter on Dec 15, 2021.
             Slain by Duvessa (18 damage)
             ... on level 5 of the Dungeon on Dec 16, 2021.
             The game lasted 00:06:55 (3452 turns).

lonewolfV2 the Ruffian (Troll Fighter)              Turns: 3452, Time: 00:06:56

Health: -3/67      AC:  4    Str: 31    XL:     7   Next: 16%
Magic:  6/6        EV:  9    Int:  1    God:
Gold:   181        SH:  8    Dex: 11    Spells: 6/6 levels left

rFire   . . .      SeeInvis .     - Unarmed
rCold   . . .      Faith    .   b - +0 kite shield
rNeg    + . .      Spirit   .   a - +0 robe
rPois   .          Reflect  .   (helmet restricted)
rElec   +          Harm     +   g - scarf {harm}
rCorr   .          Rampage  .   (gloves unavailable)
Will    .....                   (boots unavailable)
Stlth   ++........              (no amulet)
HPRegen 1.01/turn               f - ring of Ulaudeg {Fly rElec rN+ Str+6 Int-3}
MPRegen 0.10/turn               h - +4 ring of slaying

@: flying
A: large, unfitting armour, claws 3, regeneration 1, shaggy fur 1, tough skin 1
a: no special abilities


You were on level 5 of the Dungeon.
You visited 1 branch of the dungeon, and saw 6 of its levels.

You collected 181 gold pieces.

Inventory:

Missiles
 i - a throwing net (quivered)
Armour
 a - a +0 robe (worn)
 b - a +0 kite shield (worn)
 g - a scarf of harm (worn)
Jewellery
 f - the ring of Ulaudeg (left claw) {Fly rElec rN+ Str+6 Int-3}
   (You acquired it on level 3 of the Dungeon)

   [ring of strength]

   Str:       It affects your strength (+6).
   Int:       It affects your intelligence (-3).
   rElec:     It insulates you from electricity.
   rN:        It protects you from negative energy.
   Fly:       It grants you flight.
 h - a +4 ring of slaying (right claw)
Scrolls
 o - a scroll of teleportation
Potions
 c - 2 potions of might
 d - 3 potions of heal wounds
 e - 4 potions of curing
 j - a potion of cancellation {unknown}
 k - a potion of haste
 l - a potion of degeneration {unknown}
 m - a potion of lignification {unknown}
 n - a potion of attraction {unknown}


   Skills:
 + Level 3.4 Fighting
 + Level 3.8 Dodging
 + Level 1.2 Stealth
 + Level 3.4 Shields
 + Level 5.1 Unarmed Combat


You had 6 spell levels left.
You didn't know any spells.
Your spell library contained the following spells:

 Spells                   Type           Power      Damage    Failure   Level
 Ignite Poison            Fire/Tmut/Pois 0%         N/A       100%        3
 Inner Flame              Hex/Fire       0%         N/A       100%        3
 Mephitic Cloud           Conj/Pois/Air  0%         N/A       100%        3
 Cause Fear               Hex            0%         N/A       100%        4
 Freezing Cloud           Conj/Ice/Air   0%         6-21      100%        5
 Discord                  Hex            0%         N/A       100%        8


Dungeon Overview and Level Annotations

Branches:
Dungeon (6/15)             Temple (0/1) D:4

Altars:
Vehumet

Annotations:
D:5 Duvessa


Innate Abilities, Weirdness & Mutations

You are too large for most types of armour.
You have claws for hands.
Your natural rate of healing is unusually fast.
You are covered in fur. (AC +1)
You have tough skin. (AC +1)


Message History

You reach down and open the door.
There is an open door here.
Found a helmet.
You see here a +0 helmet.
Dowan, Brother of Duvessa comes into view.
He is wielding a +0 dagger.
There is an escape hatch in the floor here.
Duvessa, Sister of Dowan comes into view.
She is wielding a +0 short sword.
Duvessa shouts!
Dowan shouts!
You claw Dowan!
Dowan is severely wounded.
Dowan points at Duvessa and mumbles some strange words.
Duvessa seems to speed up.
You scratch Dowan.
Dowan is severely wounded.
Duvessa completely misses you.
Dowan drinks a potion.
Dowan flickers and vanishes!
Deactivating autopickup; reactivate with Ctrl-A.
Duvessa barely misses you.
You barely miss something. You block Duvessa's attack.
Something hits you but does no damage. Duvessa hits you with a +0 short sword.
Something hits you but does no damage.
You claw something!
Duvessa screams, "No!
How DARE you!"
Duvessa goes berserk!
Reactivating autopickup.
You feel a bit more experienced. Duvessa hits you with a +0 short sword!
Duvessa barely misses you. You block Duvessa's attack.
Things that are here:
a +0 dagger; a +0 robe You mangle Duvessa!!
Duvessa is heavily wounded.
Duvessa hits you with a +0 short sword!
You claw Duvessa!
Duvessa is almost dead.
You block Duvessa's attack. Duvessa hits you with a +0 short sword!
* * * LOW HITPOINT WARNING * * *
You barely miss Duvessa.
Duvessa is almost dead.
Duvessa barely misses you. Duvessa hits you with a +0 short sword!
You die...

###.#....##.####......
#.#....##>...+......
#.#>...#######......
#.#....# ###......
#.#...(# #........
###....# #........
#....# #....####
#.#############
#@e.....# #######
#######.# #....†.
#.##### #### #... +...
#... #... #...


You could see Duvessa (berserk, fast).

Vanquished Creatures
  A wyvern skeleton (D:5)
  A scorpion (D:4)
  Dowan (D:5)
  2 howler monkeys (D:4)
  An orc priest (D:6)
  Jessica (D:2)
  5 iguanas
  An orc wizard (D:6)
  Robin (D:2)
  8 adders
  2 dart slugs (D:2)
  4 orcs
  2 ball pythons
  4 bats
  4 endoplasms
  3 giant cockroaches
  13 goblins
  7 hobgoblins
  7 kobolds
  A quokka (D:1)
  5 frilled lizards
  6 rats
  A bush (D:1)
81 creatures vanquished.

Notes
Turn   | Place    | Note
-------+----------+-------------------------------------------
     0 | D:1      | lonewolfV2 the Troll Fighter began the quest for the Orb.
     0 | D:1      | Reached XP level 1. HP: 22/22 MP: 0/0
   253 | D:1      | Found a faded altar of an unknown god.
   264 | D:1      | Reached XP level 2. HP: 26/29 MP: 1/1
   827 | D:2      | Reached XP level 3. HP: 31/36 MP: 2/2
   837 | D:2      | Noticed Robin
   849 | D:2      | Killed Robin
  1030 | D:2      | Reached XP level 4. HP: 44/44 MP: 3/3
  1075 | D:2      | Noticed Jessica
  1081 | D:2      | Killed Jessica
  1082 | D:2      | Reached skill level 3 in Unarmed Combat
  1337 | D:3      | Identified a scroll of acquirement
  1337 | D:3      | Acquired the ring of Ulaudeg {Fly rElec rN+ Str+6 Int-3}
  1565 | D:3      | Reached XP level 5. HP: 53/53 MP: 4/4
  1592 | D:3      | You are sucked into a shaft and drop 3 floors!
  1732 | D:5      | Entered Level 5 of the Dungeon
  1815 | D:5      | Found a radiant altar of Vehumet.
  2287 | D:4      | Reached skill level 4 in Unarmed Combat
  2287 | D:4      | Reached XP level 6. HP: 61/61 MP: 5/5
  2667 | D:4      | Reached skill level 1 in Stealth
  2939 | D:4      | Found a staircase to the Ecumenical Temple.
  3211 | D:5      | Reached skill level 5 in Unarmed Combat
  3211 | D:5      | Reached XP level 7. HP: 57/67 MP: 6/6
  3438 | D:5      | Noticed Dowan
  3444 | D:5      | Noticed Duvessa
  3448 | D:5      | Killed Dowan
  3452 | D:5      | Slain by Duvessa

Illustrated notes

Levels and vault maps discovered:
D:1:      evilmike_arrival_home_sweet_home, layout_loops_ring,
          hellmonk_ecumenical_altar_pennies_from_heaven
D:2:      layout_basic, uniq_jessica, uniq_robin
D:3:      layout_basic, minmay_misc_feat_five, hex_large
D:4:      layout_loops_corners, temple_green, kennysheep_cross_bottleneck,
          grunt_decor_cap, corexii_item_surrounded_by_moat, nrook_mini_vaults,
          chequers_serial_rivers_small_3
D:5:      layout_basic, mainiacjoe_overflow_tiny_flanked, uniq_duvessa
D:6:      layout_loops_ring, mainiacjoe_overflow_paths, elyvilon_altar_3,
          minmay_statues_item, hangedman_decor_push

Skill      XL: |  1  2  3  4  5  6 |
---------------+-------------------+-----
Shields        | 3 |  3.4
Fighting       | 3 |  3.4
Dodging        | 3 |  3.8
Unarmed Combat | 3 4 5 |  5.1
Stealth        | 1 |  1.2

Action                   |  1- 3 |  4- 6 |  7- 9 || total
-------------------------+-------+-------+-------++-------
Melee: Unarmed           |   181 |    83 |     7 ||   271
  Use: Scroll            |       |     6 |       ||     6
 Stab: Sleeping          |     1 |     2 |       ||     3
Armor: Robe              |    53 |    25 |     2 ||    80
Dodge: Dodged            |    45 |    39 |     4 ||    88
Block: Kite shield       |    45 |    26 |     3 ||    74

Table legend: (Time is in decaauts)
 A = Elapsed time spent in this place.
 B = Non-inter-level travel time spent in this place.
 C = Inter-level travel time spent in this place.
 D = Time resting spent in this place.
 E = Time spent auto-exploring this place.
 F = Levels seen in this place.
 G = Mean time per level.
                   A        B        C        D        E       F      G
               +--------+--------+--------+--------+--------+-----+--------+
         Total |   3506 |   3433 |     73 |      0 |   2455 |   6 |  584.3 |
       Dungeon |   3506 |   3433 |     73 |      0 |   2455 |   6 |  584.3 |
               +--------+--------+--------+--------+--------+-----+--------+

Top non-repeatable levels by time:
     D:4: 952 daAuts
     D:5: 772 daAuts
     D:1: 728 daAuts
     D:2: 557 daAuts
     D:3: 354 daAuts
     D:6: 140 daAuts
